 Dungeon Crawl Stone Soup version 0.24.0-123-gd5b16e6ec5 (webtiles) character file.

Game seed: 5050004037901799598, levelgen mode: deterministic

834 FishyPogo the Transmogrifier (level 7, -1/52 HPs)
             Began as a Yellow Draconian Transmuter on Jan 19, 2020.
             Was an Initiate of Gozag.
             Slain by a centaur (7 damage)
             ... on level 5 of the Dungeon.
             The game lasted 00:13:31 (4324 turns).

FishyPogo the Transmogrifier (DrTm)                 Turns: 4324, Time: 00:13:32

Health: -1/52      AC: 13    Str: 13    XL:     7   Next: 66%
Magic:  10/10      EV: 12    Int: 15    God:    Gozag
Gold:   491        SH:  0    Dex: 11    Spells: 1/10 levels left

rFire    . . .     SeeInvis .   m - +5 dagger (protect)
rCold    . . .     Gourm    .   (no shield)
rNeg     . . .     Faith    .   (armour unavailable)
rPois    .         Spirit   .   (helmet restricted)
rElec    .         Reflect  .   (no cloak)
rCorr    +         Harm     .   (no gloves)
MR       .....                  (no boots)
Stlth    +.........             (no amulet)
HPRegen  0.17/turn              p - ring of flight
MPRegen  0.12/turn              (no ring)

@: protection aura
A: spit acid, unfitting armour, cold-blooded, acid resistance, AC +6
a: Breathe Acid, Potion Petition, Call Merchant, Bribe Branch, Renounce
Religion, Evoke Flight


You were on level 5 of the Dungeon.
You worshipped Gozag.
Gozag was aware of your devotion.
You were hungry.

You visited 1 branch of the dungeon, and saw 5 of its levels.

You collected 712 gold pieces.
You spent 200 gold pieces at shops.
You paid 21 gold pieces to Gozag.

Inventory:

Hand Weapons
 k - a +2 hand axe of flaming
 m - a +5 dagger of protection (weapon)
Missiles
 a - 49 arrows
 d - 61 stones (quivered)
 o - 3 boomerangs
 u - 17 poisoned darts
Jewellery
 p - a ring of flight (left hand)
Wands
 l - a wand of random effects (21)
 v - a wand of acid (9)
Scrolls
 e - 2 scrolls of remove curse
 g - a scroll of noise {unknown}
 h - a scroll of enchant armour {unknown}
 n - 2 scrolls of enchant weapon {unknown}
 q - 4 scrolls of identify
 r - 2 scrolls of random uselessness {unknown}
 w - a scroll of magic mapping {unknown}
 y - a scroll of fog {unknown}
 z - a scroll of teleportation {unknown}
Potions
 b - a potion of might {unknown}
 f - 2 potions of heal wounds
 i - a potion of flight {unknown}
 j - a potion of invisibility
 s - a potion of resistance
 t - a potion of mutation
 x - a potion of lignification
Comestibles
 c - 8 rations


   Skills:
 + Level 1.1 Fighting
 - Level 2.2 Dodging
 - Level 3.0 Unarmed Combat
 + Level 2.0 Spellcasting
 + Level 8.8 Transmutations


You had one spell level left.
You knew the following spells:

 Your Spells              Type           Power        Failure   Level  Hunger
p - Blade Hands           Tmut           ####......   16%         5    ######.
u - Spider Form           Tmut/Pois      ##........   11%         3    ###....
y - Beastly Appendage     Tmut           ####..       1%          1    #......

Your spell library contained the following spells:

 Spells                   Type           Power        Failure   Level  Hunger
 Animate Skeleton         Necr           N/A          22%         1    #......
 Apportation              Tloc           #.....       22%         1    #......
 Confusing Touch          Hex            #.....       22%         1    #......
 Summon Small Mammal      Summ           #...         22%         1    #......
 Sticks to Snakes         Tmut           ####....     1%          2    ###....
 Ice Form                 Ice/Tmut       ##......     34%         4    #####..


Dungeon Overview and Level Annotations

Branches:
Dungeon (5/15)
 Temple: D:4-7

Altars:
Ashenzari
Gozag
Kikubaaqudgha
Nemelex Xobeh
Zin

Shops:
D:4 ?[(   D:5 ?


Innate Abilities, Weirdness & Mutations

You can spit globs of acid.
Your golden yellow scales are hard. (AC +6)
You cannot fit into any form of body armour.
You are cold-blooded and may be slowed by cold attacks.
You are resistant to acid. (rCorr)


Message History

The centaur shoots an arrow.
The arrow barely misses you.
The centaur shoots an arrow.
The arrow hits you!
You see here an arrow.
The centaur shoots an arrow.
The arrow hits you!
* * * LOW HITPOINT WARNING * * *
You see here an arrow.
The centaur unwields a +0 shortbow.
The centaur barely misses you. The centaur hits you.
* * * LOW HITPOINT WARNING * * *
You hit the centaur but do no damage.
Your weapon exudes an aura of protection.
You tail-slap the centaur.
The centaur is lightly wounded.
The centaur closely misses you.
You hit the centaur.
The centaur is moderately wounded.
You are feeling hungry.
The centaur hits you!
You die...
Your body crumbles into a pile of gold.

≈.........###..#.#
≈.....###.#....#.#
......###.#..#.#(#
...............#(#
......###...##.#.#
####### #...# .#.#
#...# .#(# #...#
.#(# #...# #@# ###
#.... #c# ...
.....# #.# ###
##...# #.# #####
#.# ....## #.#
...... #.# ......
#.# ......


You could see a centaur.

Vanquished Creatures
  A sky beast (D:5)
  An ogre (D:4)
  A scorpion (D:4)
  2 howler monkeys
  2 crimson imps (D:5)
  2 hounds
  Ijyb (D:3)
  Terence (D:2)
  An orc wizard (D:5)
  4 worker ants
  A hound skeleton (D:5)
  A howler monkey skeleton (D:4)
  A gnoll (D:1)
  10 adders
  2 worms
  2 dart slugs
  5 leopard geckos
  10 orcs
  10 giant cockroaches
  3 goblins
  5 hobgoblins
  11 jackals
  4 kobolds
  2 quokkas
  A ball python (D:4)
  5 bats
  5 frilled lizards
  A giant cockroach zombie (D:5)
  A jackal skeleton (D:3)
  4 rats
100 creatures vanquished.

Notes
Turn   | Place    | Note
-------+----------+-------------------------------------------
     0 | D:1      | FishyPogo the Draconian Transmuter began the quest for the
                  | Orb.
     0 | D:1      | Reached XP level 1. HP: 16/16 MP: 3/3
    40 | D:1      | Reached XP level 2. HP: 7/23 MP: 1/5
   372 | D:1      | Found a shattered altar of Ashenzari.
   524 | D:1      | Reached skill level 3 in Transmutations
   664 | D:1      | Reached XP level 3. HP: 21/28 MP: 4/6
   669 | D:1      | Learned a level 3 spell: Spider Form
  1332 | D:2      | Found an opulent altar of Gozag.
  1332 | D:2      | Found a sparkling altar of Nemelex Xobeh.
  1338 | D:2      | Became a worshipper of Gozag Ym Sagoz the Greedy
  1753 | D:2      | Reached skill level 4 in Transmutations
  1814 | D:2      | Noticed Terence
  1825 | D:2      | Killed Terence
  1825 | D:2      | Reached XP level 4. HP: 16/35 MP: 4/7
  2064 | D:3      | Noticed Ijyb
  2077 | D:3      | Killed Ijyb
  2112 | D:3      | Reached skill level 5 in Transmutations
  2198 | D:3      | Reached XP level 5. HP: 37/40 MP: 8/8
  2848 | D:4      | Found a glowing silver altar of Zin.
  2849 | D:4      | Found Dunterud's Antique Weapon Shop.
  2860 | D:4      | Bought a scorched short sword for 200 gold pieces
  2860 | D:4      | Identified the +1 short sword "Zagehoe" {freeze, Str+2
                  | Int+4} (You bought it in a shop on level 4 of the Dungeon)
  2944 | D:4      | Noticed an ogre
  2963 | D:4      | Reached skill level 6 in Transmutations
  2983 | D:4      | Found Oduliang's Antique Armour Shoppe.
  2994 | D:3      | Reached XP level 6. HP: 9/47 MP: 9/9
  3291 | D:4      | Reached skill level 7 in Transmutations
  3300 | D:4      | Learned a level 5 spell: Blade Hands
  3624 | D:4      | Found Xonuesh's Magic Scroll Shop.
  3748 | D:5      | Entered Level 5 of the Dungeon
  3808 | D:5      | Your scales start taking on a golden yellow colour.
  3808 | D:5      | Reached XP level 7. HP: 45/52 MP: 10/10
  3808 | D:5      | Gained mutation: You are resistant to acid. (rCorr) [Yellow
                  | Draconian growth]
  3843 | D:5      | Found an ancient bone altar of Kikubaaqudgha.
  3850 | D:5      | Found Zoyc's Magic Scroll Shop.
  3939 | D:5      | Reached skill level 8 in Transmutations
  4072 | D:5      | Found an opulent altar of Gozag.
  4324 | D:5      | Slain by a centaur

Levels and vault maps discovered:
D:1:      co_arrival_random_square_maze, layout_basic, ashenzari_altar_1
D:2:      layout_basic, grunt_temple_overflow_opulence,
          minmay_worlds_worst_comb, uniq_terence
D:3:      layout_basic, st_stairs_4, uniq_ijyb
D:4:      minmay_chambers_of_threes, layout_rooms, overflow_temple_1_default,
          first_ration, serial_shops, nicolae_shop_statue_plus, shop, shop
D:5:      layout_basic, kennysheep_mini, serial_shops,
          nicolae_shop_temple_entry_statues_fountains, lemuel_altar_in_water

Skill      XL: |  1  2  3  4  5  6  7 |
---------------+----------------------+-----
Dodging        | 2 |  2.2
Transmutations | 3 4 5 6 7 8 |  8.8
Fighting       | |  1.1
Unarmed Combat | |  3.0
Spellcasting   | |  2.0

Action                   |  1- 3 |  4- 6 |  7- 9 || total
-------------------------+-------+-------+-------++-------
Melee: Unarmed           |   144 |    34 |       ||   178
       Kick              |    11 |    19 |     4 ||    34
       Headbutt          |     6 |     4 |     1 ||    11
       Tailslap          |     6 |    21 |     7 ||    34
       Punch             |     2 |     2 |     1 ||     5
       Dagger            |       |   198 |    76 ||   274
 Cast: Beastly Appendage |    24 |    14 |     3 ||    41
       Spider Form       |     1 |     1 |       ||     2
 Abil: End Transformatio |       |     1 |       ||     1
       Breathe Acid      |       |       |     1 ||     1
  Use: Scroll            |       |     1 |     5 ||     6
 Stab: Distracted        |       |     1 |     1 ||     2
       Sleeping          |       |     1 |       ||     1
  Eat: Chunk             |     2 |       |       ||     2
       Ration            |       |     2 |     1 ||     3
Armor: Skin              |    40 |    73 |    29 ||   142
Dodge: Dodged            |    76 |   127 |    32 ||   235
